Map: Automaton LE

Players

DnS

  • Race: Protoss Protoss
  • Spawn Location: 9:00

HeroMarine - Winner!

  • Race: Terran Terran
  • Spawn Location: 3:00

Event: 2019 WCS Spring

VOD

Have the link to the VOD?

Description

Time

  • Played on: May 18, 2019, 10:39 a.m.
  • Length: 25:33

All games in this series

Show
View Real Time Build Order
Export as new Build Order

DnS Protoss 

Build Orders: 1 Gate Expand, Chargelot Immortal 

Get SALT Encoding   

  12  0:00  Probe  
  13  0:12  Probe  
  14  0:18  Pylon  
  14  0:24  Probe  
  15  0:32  Probe  
  15  0:38  Gateway  
  15  0:40  Probe  
  16  0:48  Assimilator  
  17  0:51  Probe  
  18  1:03  Probe  
  19  1:15  Probe  
  20  1:26  Nexus  
  20  1:36  Cybernetics Core  
  20  1:39  Probe  
  21  1:46  Assimilator  
  21  1:51  Probe  
  22  1:56  Pylon  
  22  2:03  Probe  
  22  2:04  Adept  
  23  2:12  Warp Gate  
  26  2:15  Probe  
  26  2:26  Sentry  
  26  2:27  Probe  
  27  2:34  Probe  
  29  2:39  Probe  
  29  2:41  Robotics Facility  
  29  2:43  Probe  
  32  2:52  Probe  
  32  2:53  Probe  
  32  2:54  Stalker  
  36  3:03  Probe  
  36  3:04  Probe  
  38  3:08  Gateway  
  38  3:11  Probe  
  38  3:16  Probe  
  38  3:19  Probe, Gateway  
  41  3:28  Probe  
  43  3:34  Observer, Probe  
  43  3:38  Pylon  
  43  3:40  Probe  
  45  3:42  Probe  
  45  3:45  Assimilator  
  45  3:47  Assimilator  
  46  3:50  Shield Battery  
  46  3:51  Pylon  
  46  3:52  Probe  
  46  3:56  Probe  
  46  3:57  Shield Battery  
  46  4:01  Stalker  
  50  4:04  Observer, Probe  
  50  4:06  Stalker  
  50  4:09  Probe  
  55  4:14  Stalker  
  55  4:16  Probe  
  58  4:21  Probe  
  59  4:25  Observer, Stalker  
  59  4:43  Stalker x2  
  59  4:44  Probe x2  
  61  4:46  Warp Prism  
  60  4:53  Probe  
  60  4:56  Probe  
  60  5:02  Probe  
  60  5:04  Probe  
  61  5:07  Pylon  
  61  5:13  Pylon  
  62  5:15  Observer  
  62  5:17  Probe  
  62  5:20  Robotics Bay  
  62  5:23  Forge  
  62  5:25  Twilight Council, Probe, Forge  
  63  5:28  Probe  
  63  5:34  Sentry  
  66  5:47  Probe  
  66  5:48  Probe  
  68  5:51  Protoss Ground Armor Level 1  
  68  5:53  Charge  
  68  5:59  Probe, Pylon  
  68  6:00  Probe  
  70  6:11  Probe  
  70  6:15  Gateway x2  
  71  6:20  Probe, Gateway, Templar Archives  
  71  6:23  Probe  
  73  6:29  Nexus  
  73  6:37  Probe x2  
  75  6:47  Psionic Storm  
  75  6:49  Probe  
  75  6:52  Pylon  
  76  6:57  High Templar x3  
  82  7:02  Immortal, Pylon  
  86  7:09  Pylon  
  86  7:10  Probe x2  
  88  7:17  Zealot x2, High Templar  
  92  7:26  Probe x2  
  91  7:38  Probe x2  
  91  7:41  Protoss Ground Armor Level 2  
  93  7:44  High Templar x2  
  93  7:46  Probe  
  93  7:48  Archon  
  93  7:50  Probe x2  
  100  7:54  Immortal  
  100  7:58  Probe  
  105  8:01  Pylon  
  105  8:02  Probe  
  106  8:10  Zealot x4  
  114  8:18  Probe x2  
  114  8:19  Zealot x2, Probe  
  121  8:23  Blink  
  121  8:32  Zealot x3  
  121  8:33  High Templar  
  111  8:43  High Templar, Pylon x2  
  111  8:44  Zealot, Probe  
  111  8:45  Probe  
  115  8:51  Immortal  
  115  8:55  Probe  
  116  9:00  Pylon  
  120  9:05  Probe x2  
  120  9:06  Robotics Bay  
  120  9:07  Assimilator  
  120  9:08  Probe  
  120  9:09  Assimilator  
  123  9:14  High Templar  
  123  9:16  Gateway  
  125  9:17  Probe, Gateway  
  125  9:20  Immortal, Probe  
  127  9:29  Probe x2  
  133  9:34  Pylon  
  133  9:45  Zealot x4  
  135  9:52  Probe  
  144  9:53  Pylon  
  144  9:55  Colossus  
  144  9:58  Zealot x2  
  144  10:01  Protoss Ground Weapons Level 1  
  150  10:17  Stalker  
  150  10:18  Stalker  
  154  10:21  Stalker  
  154  10:25  Extended Thermal Lance  
  156  10:30  Forge, Pylon x3  
  156  10:31  Colossus  
  156  10:35  Pylon  
  156  10:39  Nexus  
  156  10:40  Pylon  
  162  10:53  High Templar x2  
  162  10:54  Stalker x3  
  172  11:01  Observer, Archon  
  172  11:03  Stalker x3  
  176  11:17  Colossus  
  176  11:20  Stalker x2  
  180  11:27  Stalker  
  180  11:28  Stalker x2  
  192  11:38  Stalker  
  192  11:39  Zealot x2  
  196  11:49  Pylon  
  196  11:52  Protoss Ground Armor Level 3  
  196  11:59  Stalker x3  
  192  12:04  Warp Prism  
  192  12:08  Zealot x4  
  144  12:24  Zealot x4  
  130  12:30  Archon  
  130  12:34  Colossus  
  112  12:45  Probe  
  112  12:48  High Templar  
  112  12:49  High Templar  
  112  12:51  Zealot x3, Sentry, High Templar x2  
  127  12:55  Gateway, Archon  
  127  12:56  Gateway  
  135  13:02  Protoss Ground Weapons Level 2  
  135  13:04  Observer  
  135  13:08  Robotics Facility  
  135  13:14  Pylon  
  135  13:16  Zealot x2, High Templar x2  
  143  13:21  Archon  
  143  13:29  Colossus  
  149  13:37  Zealot x3  
  149  13:38  Zealot  
  157  13:42  Assimilator  
  157  13:43  Assimilator  
  157  13:50  Stargate  
  157  13:55  Stalker x5  
  161  13:56  Stalker  
  169  14:08  Nexus  
  169  14:09  Probe  
  171  14:10  Probe x2  
  171  14:12  Pylon  
  168  14:25  Zealot x6  
  156  14:52  Zealot x7  
  162  14:53  Zealot x3, Colossus  
  162  14:56  Colossus  
  162  15:16  Fleet Beacon  
  162  15:18  Stargate  
  160  15:23  High Templar x2  
  160  15:24  High Templar  
  160  15:25  High Templar  
  160  15:26  High Templar x2  
  170  15:35  Stalker x2  
  170  15:36  Stalker, Protoss Ground Weapons Level 3  
  176  15:45  Stalker  
  176  15:59  Stalker x8  
  192  16:14  Tempest  
  197  16:19  Photon Cannon  
  197  16:20  Photon Cannon  
  197  16:22  Photon Cannon  
  195  16:35  Shield Battery  
  195  16:37  Pylon  
  195  16:43  Dark Shrine  
  195  16:51  Gateway  
  195  16:52  Gateway  
  187  16:56  Gateway  
  187  16:59  Stalker x4, Gateway  
  190  17:01  Observer, Gateway  
  182  17:11  Tempest  
  187  17:20  Assimilator  
  187  17:22  Assimilator  
  187  17:33  Zealot x4  
  195  17:43  Stalker x4  
  192  17:57  Stalker x3  
  192  17:58  Stalker x2  
  126  18:06  Stalker x2  
  126  18:07  Stalker x6  
  140  18:16  Sentry x2  
  144  18:20  Dark Templar  
  144  18:25  Stalker x4  
  154  18:39  High Templar  
  154  18:40  Zealot x5, High Templar  
  160  18:59  Colossus  
  160  19:02  Archon  
  123  19:09  Colossus  
  133  19:10  Archon  
  133  19:14  Sentry x2  
  133  19:16  High Templar  
  139  19:19  High Templar  
  139  19:20  Zealot x6  
  139  19:23  Zealot  
  155  19:44  Nexus  
  153  19:47  Stalker x2  
  153  19:48  Stalker x4  
  153  19:49  High Templar  
  153  19:50  High Templar  
  169  20:02  Stalker x2  
  169  20:03  Stalker x2  
  135  20:15  Stalker  
  135  20:16  Stalker x2  
  133  20:26  Stalker x3  
  123  20:32  Stalker x3  
  123  20:33  Archon  
  92  20:38  Stalker  
  73  20:44  Stalker  
  60  20:53  High Templar x2  
  62  20:58  Sentry  
  64  21:07  Stalker x2  
  64  21:08  Zealot x2  
  72  21:14  Stalker  
  74  21:20  Stalker x2  
  78  21:28  Stalker  
  78  21:30  Stalker  
Show
View Real Time Build Order
Export as new Build Order

HeroMarine Terran - Winner!

Build Orders: Gas First Reaper Expand, Hellion Opening 

Get SALT Encoding   

  12  0:00  SCV  
  13  0:12  SCV  
  14  0:17  Supply Depot  
  14  0:24  SCV  
  15  0:29  Refinery  
  15  0:39  SCV  
  16  0:45  Barracks  
  16  0:51  SCV  
  17  1:03  SCV  
  18  1:15  SCV  
  19  1:32  Reaper, Orbital Command  
  20  1:48  Command Center  
  20  1:57  Factory  
  20  2:00  SCV  
  21  2:06  Barracks Reactor  
  21  2:12  SCV  
  22  2:20  Supply Depot  
  22  2:23  Refinery  
  22  2:25  SCV  
  23  2:41  SCV  
  24  2:44  Starport  
  24  2:47  Hellion x2  
  28  2:53  SCV  
  29  2:59  Orbital Command  
  29  3:06  SCV  
  29  3:08  Hellion  
  29  3:10  Hellion  
  34  3:18  SCV  
  35  3:21  Medivac  
  35  3:26  SCV  
  38  3:29  Hellion  
  38  3:31  Hellion  
  42  3:34  Supply Depot  
  42  3:37  SCV  
  42  3:40  SCV  
  44  3:44  Barracks Tech Lab  
  44  3:51  SCV  
  44  3:52  SCV  
  44  3:55  Starport Tech Lab  
  46  3:56  Supply Depot  
  46  4:03  SCV  
  46  4:04  SCV  
  46  4:08  Barracks  
  48  4:13  Raven  
  48  4:15  SCV  
  48  4:16  SCV  
  52  4:19  Refinery  
  52  4:20  Supply Depot  
  52  4:27  SCV, Marine x2  
  52  4:29  SCV  
  56  4:35  Siege Tank  
  59  4:39  SCV  
  59  4:41  SCV  
  59  4:45  Marine x2  
  54  4:49  Bunker  
  54  4:51  SCV  
  54  4:53  SCV  
  52  5:01  Barracks  
  52  5:03  SCV  
  52  5:04  Stimpack  
  52  5:05  SCV, Engineering Bay  
  52  5:06  Marine x3  
  57  5:09  Siege Tank  
  57  5:13  Supply Depot  
  60  5:15  SCV  
  60  5:17  SCV  
  62  5:24  Marauder, Supply Depot, Marine x2  
  66  5:29  SCV x2  
  68  5:38  Terran Infantry Weapons Level 1  
  68  5:41  Marine  
  68  5:42  Marine  
  70  5:46  Marauder  
  72  5:57  Starport Reactor, Combat Shield  
  72  5:58  Marauder  
  72  5:59  Marine x2  
  72  6:00  Command Center  
  72  6:04  SCV, Engineering Bay  
  77  6:05  SCV, Refinery  
  77  6:06  Factory Reactor  
  76  6:13  Marauder  
  76  6:16  SCV  
  76  6:17  SCV, Marine x2  
  81  6:28  Marauder  
  81  6:31  Terran Infantry Armor Level 1  
  83  6:34  Marauder  
  83  6:35  Barracks x2  
  83  6:39  Supply Depot  
  85  6:41  Medivac x2, Marine  
  85  6:43  Marine  
  91  6:48  SCV x2  
  93  7:01  SCV x2, Supply Depot, Widow Mine x2, Marauder  
  101  7:05  Concussive Shells  
  101  7:12  Marauder  
  101  7:13  SCV x2  
  101  7:14  Orbital Command  
  105  7:19  Marine x2  
  107  7:25  SCV x2  
  107  7:29  Marauder, Barracks Tech Lab  
  111  7:30  Barracks Reactor  
  111  7:32  Widow Mine  
  111  7:34  Marauder  
  111  7:35  Widow Mine  
  117  7:38  SCV x2  
  117  7:42  Armory  
  119  7:50  SCV x2  
  121  7:52  Marauder x2, Orbital Command  
  125  8:05  Supply Depot  
  125  8:08  Missile Turret  
  125  8:10  Ghost Academy  
  125  8:26  SCV x2, Medivac x2, Marine x2  
  133  8:35  Marauder  
  133  8:39  Marine  
  133  8:40  SCV  
  133  8:41  SCV  
  133  8:43  Marine  
  133  8:44  Terran Infantry Weapons Level 2, Terran Infantry Armor Level 2  
  133  8:46  Refinery  
  133  8:47  Refinery  
  133  8:48  Supply Depot  
  133  8:49  SCV, Marine x2, Supply Depot x2  
  133  8:50  Marauder x2  
  140  8:57  Supply Depot  
  140  9:02  SCV, Supply Depot  
  141  9:06  Terran Ship Weapons Level 1  
  141  9:09  Ghost  
  145  9:10  SCV x2, Ghost, Viking  
  145  9:12  Supply Depot  
  145  9:16  Ghost  
  151  9:23  Marine  
  152  9:25  Command Center  
  152  9:38  Ghost  
  154  9:39  Ghost  
  154  9:43  Marine x2  
  154  9:45  Starport  
  158  9:49  Liberator  
  158  9:52  Liberator  
  158  9:57  Ghost, Barracks x2  
  158  9:58  Barracks  
  160  10:05  Marine x3  
  160  10:06  Marine  
  87  10:14  Ghost, Liberator x2  
  171  10:23  Marine  
  171  10:26  Marine x4  
  178  10:33  SCV x3  
  185  10:36  Liberator  
  185  10:37  Liberator  
  185  10:45  SCV x3  
  185  10:46  Missile Turret  
  185  10:48  Missile Turret, Barracks Tech Lab, Barracks Reactor  
  185  10:49  Barracks Tech Lab  
  188  10:50  Missile Turret  
  188  10:52  Missile Turret  
  193  11:04  Bunker  
  193  11:05  SCV  
  193  11:06  SCV x2  
  196  11:14  Refinery  
  196  11:15  Terran Infantry Weapons Level 3  
  196  11:18  Refinery  
  196  11:22  Planetary Fortress  
  196  11:26  Marauder x2  
  200  11:50  Liberator x3  
  194  12:07  Ghost x2  
  168  12:09  Marauder x3, Marine  
  168  12:10  Marine x5  
  168  12:14  Command Center x2  
  158  12:27  Marine x3  
  158  12:28  Marine x2  
  158  12:29  Marine  
  143  12:30  Marauder x3  
  143  12:36  Marauder  
  143  12:37  Marauder  
  132  12:44  Medivac  
  132  12:45  Marine x3  
  132  12:49  Viking  
  132  12:50  Viking  
  141  12:51  Marauder x2, Marine  
  141  12:52  Marauder, Marine x2  
  141  12:53  Viking  
  141  12:58  Marauder x2  
  156  12:59  Command Center  
  156  13:00  Command Center  
  156  13:03  Marine  
  156  13:04  Terran Infantry Armor Level 3  
  157  13:07  Marine x2  
  161  13:13  Marauder x3  
  161  13:15  Viking  
  161  13:19  Marauder x2, Viking  
  173  13:20  Viking  
  175  13:32  Orbital Command  
  177  13:34  Marauder x2  
  177  13:36  Sensor Tower  
  177  13:38  Starport  
  177  13:39  Fusion Core  
  179  13:41  Missile Turret  
  179  13:42  Marine x2  
  179  13:43  Marine x3  
  184  13:53  Terran Ship Weapons Level 2  
  184  13:56  Marauder x2  
  184  13:57  Ghost x2  
  184  14:00  Ghost  
  192  14:15  Refinery  
  192  14:16  Ghost  
  192  14:20  Refinery  
  192  14:23  Planetary Fortress  
  192  14:24  Marine x3  
  192  14:25  Marine x2  
  197  14:36  Ghost x2  
  183  14:47  Ghost  
  183  14:48  SCV, Ghost  
  183  14:49  SCV x3, Marine x2  
  190  14:52  Marine  
  190  14:53  Marine  
  184  15:00  Marine  
  184  15:03  Marine x2  
  184  15:04  Liberator x4, Marine  
  184  15:06  Starport Tech Lab, Orbital Command x2  
  180  15:10  Marine x2  
  180  15:15  SCV x3  
  195  15:29  Hi-Sec Auto Tracking  
  195  15:30  Sensor Tower  
  195  15:33  Marauder x2  
  199  15:45  Advanced Ballistics  
  199  15:46  Personal Cloaking  
  199  15:55  Command Center  
  199  15:56  Command Center  
  198  16:00  Command Center  
  198  16:01  Missile Turret x2  
  198  16:04  Missile Turret  
  198  16:10  Liberator  
  198  16:12  Terran Vehicle And Ship Armor Level 1  
  198  16:16  Barracks  
  197  16:20  Barracks x2  
  200  17:01  Marauder  
  199  17:03  Marine x3  
  199  17:07  Marauder  
  199  17:17  Orbital Command x2  
  199  17:18  Barracks Reactor, Barracks Tech Lab x2  
  199  17:24  Viking x3  
  194  17:36  Marine x3  
  195  17:44  Ghost x2, Marine  
  158  17:58  Marauder, Marine x2  
  158  17:59  Marauder x2, Marine x4  
  158  18:00  Marauder x2, Viking x5  
  158  18:01  Marine  
  158  18:02  Marine  
  130  18:13  Marauder x2, Liberator x4  
  130  18:16  Marine x3  
  130  18:17  Marine x3  
  130  18:19  Command Center, Ghost x2, Marine  
  143  18:20  Marauder, Ghost x2  
  143  18:25  Marine  
  152  18:30  Viking  
  152  18:33  Ghost  
  152  18:34  Ghost, Marine x4  
  166  18:40  Ghost, Marine x3  
  174  18:41  Orbital Command  
  174  18:43  Marine  
  175  18:49  Marauder x2  
  175  18:50  Marauder x2  
  179  18:59  Marine  
  179  19:00  Medivac  
  179  19:01  Orbital Command, Liberator  
  179  19:02  Ghost  
  158  19:03  Marauder, Marine  
  158  19:04  Marine  
  158  19:05  Liberator  
  158  19:06  Marine x3  
  158  19:09  Marine x2  
  165  19:10  Marauder x3  
  165  19:11  Marauder x2  
  165  19:13  Medivac  
  175  19:17  Marine  
  175  19:18  Refinery  
  175  19:21  Marine  
  175  19:22  Marine  
  175  19:24  Marauder, Marine x3  
  185  19:28  Marine x2  
  185  19:30  Ghost x2  
  195  19:31  Marauder x2  
  199  19:59  Liberator x3  
  199  20:03  Liberator  
  198  20:09  Marauder  
  198  20:11  Ghost  
  198  20:12  Marauder x2  
  198  20:13  Marine x2  
  188  20:14  Orbital Command, Marine x2  
  199  20:24  Marauder, Marine x2  
  188  20:31  Marauder x2, Marine x4  
  188  20:33  Marine  
  188  20:34  Marauder x2, Marine x2  
  166  20:40  Marine  
  166  20:42  Marine x2  
  154  20:45  Marauder, Medivac  
  154  20:48  Marine  
  154  20:49  Marine x2  
  145  20:50  Marine  
  145  20:52  Marauder x3  
  145  20:55  Marauder  
  146  20:59  Medivac x2, Marine x2  
  146  21:02  Marine x2  
  146  21:03  Medivac  
  156  21:05  Medivac  
  158  21:14  Planetary Fortress  
  158  21:15  Medivac  
  158  21:17  SCV x3  
  158  21:18  SCV x4  
  165  21:19  SCV x2  
  169  21:26  Missile Turret  
  169  21:29  Ghost x2  
  169  21:30  Marauder, Marine x2  
  169  21:31  Marine  
  168  21:46  Marauder x2, Marine x3  
Tags
 
Add a new tag
Caveats
  • Supply blocks, unpowered buildings, or Contaminate may cause inaccurate times.
  • Supply counts are checked every 10 seconds.